 Dungeon Sprint DCSS version 0.28-a0-932-g843f935a50 (webtiles) character file.

Game seed: 9012612308331143144

29 Turgor the Geomancer (level 7, -18/45 HPs)
             Began as a Gargoyle Earth Elementalist on Nov 27, 2021.
             Was a Priest of Vehumet.
             Demolished by a komodo dragon (24 damage)
             ... in the Dungeon (Sprint VI: "Thunderdome").
             The game lasted 00:19:25 (332 turns).

Turgor the Geomancer (Gargoyle Earth Elementalist)   Turns: 332, Time: 00:19:26

Health: -18/45     AC:  9    Str: 12    XL:     7   Next: 46%
Magic:  3/17       EV: 11    Int: 17    God:    Vehumet [***...]
Gold:   70         SH:  0    Dex: 10    Spells: 11/20 levels left

rFire   . . .      SeeInvis .   (no weapon)
rCold   . . .      Faith    .   (no shield)
rNeg    + . .      Spirit   .   a - +0 troll leather armour
rPois   ∞          Reflect  .   (no helmet)
rElec   +          Harm     .   (no cloak)
rCorr   .          Rampage  .   (no gloves)
Will    .....      NoTele   +   (no boots)
Stlth   ++........              (no amulet)
HPRegen 0.15/turn               (no ring)
MPRegen 0.15/turn               (no ring)

@: no status effects
A: sickness immunity, AC +4, negative energy resistance 1, electricity
resistance, torment resistance 1, petrification resistance
a: Renounce Religion


You were in the Dungeon.
You worshipped Vehumet.
Vehumet was most pleased with you.
You visited 1 branch You collected 250 gold pieces.
You spent 180 gold pieces at shops.

Inventory:

Armour
 a - a +0 troll leather armour (worn)
 b - a +0 robe
Wands
 j - a wand of iceblast (4)
Scrolls
 h - 4 scrolls of blinking
 k - 3 scrolls of fog
Potions
 c - a potion of curing
 d - a potion of heal wounds
 e - 4 potions of haste
 f - a potion of magic
 g - a potion of berserk rage
 l - a potion of resistance


   Skills:
 + Level 5.7 Fighting
 + Level 3.2 Armour
 - Level 1.5 Dodging
 - Level 2.1 Stealth
 + Level 7.3 Spellcasting
 + Level 5.6 Conjurations
 + Level 6.5 Transmutations
 + Level 9.9 Earth Magic


You had 11 spell levels left.
You knew the following spells:

 Your Spells              Type           Power      Damage    Failure   Level
a - Sandblast             Erth           80%        2d17      1%          1
b - Freeze                Ice            24%        1d5       4%          1
c - Stone Arrow           Conj/Erth      64%        3d11      1%          3
d - Petrify               Tmut/Erth      34%        N/A       4%          4

Your spell library contained the following spells:

 Spells                   Type           Power      Damage    Failure   Level
 Magic Dart               Conj           100%       1d8       1%          1
 Passwall                 Tmut/Erth      28%        N/A       1%          2


Dungeon Overview and Level Annotations

Branches:
Dungeon (1/1)

Altars:
Cheibriados
Dithmenos
Fedhas
Gozag
Kikubaaqudgha
Makhleb
Okawaru
Qazlal
Ru
Sif Muna
Trog
Uskayaw
Vehumet
Wu Jian
Xom
Yredelemnul
Zin
The Shining One
Beogh
Jiyva
Lugonu

Shops:
D *[??*?*:[((!!!!


Innate Abilities, Weirdness & Mutations

You are immune to sickness and miasma.
Your stone body is resilient. (AC +4)
You are immune to poison.
You resist negative energy. (rN+)
You are resistant to electric shocks. (rElec)
You are resistant to unholy torment.
You are immune to petrification.


Message History

You feel much better.
Casting: Sandblast (safe; 1% risk of failure)
Confirm with . or Enter, or press ? or * to list all spells.
Aiming: Sandblast (safe; 1% risk of failure)
Press: ? - help, Shift-Dir - straight line, f - komodo dragon
Aim: a komodo dragon (87% to hit)
The blast of sand misses the komodo dragon.
Casting: Sandblast (safe; 1% risk of failure)
Confirm with . or Enter, or press ? or * to list all spells.
Aiming: Sandblast (safe; 1% risk of failure)
Press: ? - help, Shift-Dir - straight line, f/p - komodo dragon
Aim: a komodo dragon (87% to hit)
The blast of sand hits the komodo dragon.
The komodo dragon is lightly wounded.
Casting: Sandblast (safe; 1% risk of failure)
Confirm with . or Enter, or press ? or * to list all spells.
Aiming: Sandblast (safe; 1% risk of failure)
Press: ? - help, Shift-Dir - straight line, f/p - komodo dragon
Aim: a komodo dragon (lightly wounded, 87% to hit)
The blast of sand misses the komodo dragon.
The komodo dragon bites you.
Casting: Sandblast (safe; 1% risk of failure)
Confirm with . or Enter, or press ? or * to list all spells.
Aiming: Sandblast (safe; 1% risk of failure)
Press: ? - help, Shift-Dir - straight line, f/p - komodo dragon
Aim: a komodo dragon (lightly wounded, 87% to hit)
The blast of sand hits the komodo dragon!!
The komodo dragon is heavily wounded.
You now have no stones remaining.
The komodo dragon bites you!
Casting: Sandblast (safe; 1% risk of failure)
Confirm with . or Enter, or press ? or * to list all spells.
You don't have any stones to cast with.
The komodo dragon bites you!!
* * * LOW HITPOINT WARNING * * *
Casting: Sandblast (safe; 1% risk of failure)
Confirm with . or Enter, or press ? or * to list all spells.
You don't have any stones to cast with.
The komodo dragon bites you!!
Ouch! That really hurt!
You die...

#∩........8.#
#.8........∩###
##∩___......###.......__∩##
######.8.........8.######
#⌠...........⌠#
###.........### #_......._#
#_......._# #_.....l._#
#∩......@∩# ##∩.....∩##
##.....## ##⌠⌠⌠## #####


You could see a komodo dragon.

Vanquished Creatures
  Grinder (D)
  A yak (D)
  A basilisk (D)
  A necrophage (D)
  An iron imp (D)
  3 white imps (D)
  An adder skeleton (D)
  A ball python skeleton (D)
  A quokka zombie (D)
11 creatures vanquished.

Notes
Turn   | Place    | Note
-------+----------+-------------------------------------------
     0 | D        | Turgor the Gargoyle Earth Elementalist began the quest for
                  | the Orb.
     0 | D        | Reached XP level 1. HP: 10/10 MP: 3/3
     1 | D        | Found a glowing golden altar of the Shining One.
     1 | D        | Found a basalt altar of Yredelemnul.
     2 | D        | Found a viscous altar of Jiyva.
     3 | D        | Found a stormy altar of Qazlal.
     3 | D        | Found a shimmering altar of Xom.
     4 | D        | Found Ycobb's Distillery.
     4 | D        | Found a glowing silver altar of Zin.
     4 | D        | Found Araono Hoadd's Do-It-Yourself Clinic.
     5 | D        | Found Foum's Distillery.
     5 | D        | Found Nidory's Bottled Wisdom.
     5 | D        | Round 1.
    16 | D        | Found a shimmering blue altar of Sif Muna.
    17 | D        | Found an ornate altar of the Wu Jian Council.
    18 | D        | Found a hide-covered altar of Uskayaw.
    19 | D        | Found Fiewken's Weapon Rack.
    20 | D        | Found Xoimoife's Basic Armour.
    20 | D        | Found Xad Buwk's Miscellaneous Merchandise.
    21 | D        | Found a blossoming altar of Fedhas.
    21 | D        | Found an opulent altar of Gozag.
    21 | D        | Found an ancient bone altar of Kikubaaqudgha.
    21 | D        | Found Kes Rixe's Premium Goods.
    25 | D        | Found a radiant altar of Vehumet.
    26 | D        | Found a corrupted altar of Lugonu.
    48 | D        | Found an iron altar of Okawaru.
    49 | D        | Found Ilaelaeq's Identification Station.
    49 | D        | Found a sacrificial altar of Ru.
    49 | D        | Found a burning altar of Makhleb.
    49 | D        | Found a shadowy altar of Dithmenos.
    50 | D        | Found Erhoj's Advanced Armour.
    50 | D        | Found Cituogad's Jewellery.
    53 | D        | Found a snail-covered altar of Cheibriados.
    56 | D        | Found Ycokk's Magic Scroll Shop.
    57 | D        | Found Zesama's Magic Scroll Shop.
    57 | D        | Found Uploj's Must-Have Magic.
    58 | D        | Found a bloodstained altar of Trog.
    58 | D        | Found Badydedo's Staff Store.
    71 | D        | Reached skill level 1 in Transmutations
    96 | D        | Became a worshipper of Vehumet
   116 | D        | Reached skill level 4 in Earth Magic
   128 | D        | Noticed a necrophage
   141 | D        | Killed a necrophage
   141 | D        | Reached * piety under Vehumet
   141 | D        | Offered knowledge of Freeze by Vehumet.
   142 | D        | Reached skill level 6 in Earth Magic
   142 | D        | Reached XP level 2. HP: 13/15 MP: 1/7
   142 | D        | Reached XP level 3. HP: 17/19 MP: 1/9
   142 | D        | Reached XP level 4. HP: 22/24 MP: 1/10
   144 | D        | Learned a level 1 spell: Freeze
   148 | D        | Learned a level 3 spell: Stone Arrow
   153 | D        | Learned a level 4 spell: Petrify
   155 | D        | Arena points: 5 (+5) [x1]
   170 | D        | Round 2.
   177 | D        | Noticed Grinder
   181 | D        | Reached skill level 5 in Spellcasting
   181 | D        | Reached skill level 7 in Earth Magic
   181 | D        | Paralysed by Grinder for 5 turns
   193 | D        | Reached ** piety under Vehumet
   193 | D        | Offered knowledge of Magic Dart by Vehumet.
   194 | D        | Reached XP level 5. HP: 13/28 MP: 5/12
   214 | D        | Reached skill level 1 in Fighting
   214 | D        | Reached skill level 1 in Conjurations
   219 | D        | Killed Grinder
   219 | D        | Arena points: 29 (+24) [x2]
   220 | D        | Reached skill level 5 in Transmutations
   220 | D        | Reached skill level 9 in Earth Magic
   220 | D        | Reached XP level 6. HP: 12/38 MP: 11/15
   231 | D        | Bought a +0 troll leather armour for 180 gold pieces
   243 | D        | Round 3.
   294 | D        | Noticed a basilisk
   304 | D        | Noticed a water moccasin
   305 | D        | Killed a basilisk
   305 | D        | Reached *** piety under Vehumet
   306 | D        | Reached skill level 5 in Fighting
   306 | D        | Reached skill level 5 in Conjurations
   306 | D        | Reached XP level 7. HP: 26/44 MP: 6/17
   307 | D        | Noticed a yak
   313 | D        | Noticed a komodo dragon
   314 | D        | Killed a yak
   332 | D        | Demolished by a komodo dragon

Illustrated notes

Levels and vault maps discovered:
D:        arena_sprint

Skill      XL: |  1  2  3  4  5  6  7 |
---------------+----------------------+-----
Transmutations | 4 5 6 |  6.5
Earth Magic    | 6 7 9 |  9.9
Spellcasting   | 4 5 6 7 |  7.3
Fighting       | 4 5 |  5.7
Conjurations   | 4 5 |  5.6
Armour         | 2 3 |  3.2
Dodging        | |  1.5
Stealth        | |  2.1

Action                   |  1- 3 |  4- 6 |  7- 9 || total
-------------------------+-------+-------+-------++-------
Melee: Unarmed           |     1 |       |       ||     1
 Cast: Sandblast         |     7 |    15 |     8 ||    30
       Stone Arrow       |       |     3 |       ||     3
Evoke: Wand              |     2 |     4 |       ||     6
  Use: Potion            |       |     3 |     1 ||     4
Armor: Robe              |     3 |     5 |       ||     8
Dodge: Dodged            |     1 |     6 |       ||     7

Table legend: (Time is in decaauts)
 A = Elapsed time spent in this place.
 B = Non-inter-level travel time spent in this place.
 C = Inter-level travel time spent in this place.
 D = Time resting spent in this place.
 E = Time spent auto-exploring this place.
 F = Levels seen in this place.
 G = Mean time per level.
                   A        B        C        D        E       F      G
               +--------+--------+--------+--------+--------+-----+--------+
         Total |    332 |    332 |      0 |     52 |      0 |   1 |  332.0 |
       Dungeon |    332 |    332 |      0 |     52 |      0 |   1 |  332.0 |
               +--------+--------+--------+--------+--------+-----+--------+

Top non-repeatable levels by time:
       D: 332 daAuts
